 Dungeon Crawl Stone Soup version 0.21-a0-88-g13b9641 (webtiles) character file.

65 4thArraOfDagon the Slasher (level 4, 0/34 HPs)
             Began as a Formicid Warper on June 26, 2017.
             Was an Initiate of Ru.
             Succumbed to a killer bee's poison
             ... on level 8 of the Dungeon.
             The game lasted 00:03:51 (623 turns).

4thArraOfDagon the Slasher (Formicid Warper)         Turns: 623, Time: 00:03:53

Health: 0/34       AC:  8    Str: 15    XL:     4   Next: 34%
Magic:  7/7        EV:  7    Int: 14    God:    Ru [......]
Gold:   103        SH:  0    Dex: 10    Spells: 7/7 levels left

rFire    . . .     SeeInvis +   a - +0 falchion
rCold    . . .     Gourm    .   (no shield)
rNeg     . . .     Faith    .   l - +0 chain mail
rPois    .         Spirit   .   (helmet unavailable)
rElec    .         Reflect  .   (no cloak)
rCorr    .         Harm     .   (no gloves)
MR       .....                  (no boots)
Stlth    ..........             (no amulet)
HPRegen  0.11/turn              (no ring)
MPRegen  0.10/turn              (no ring)

@: lethally poisoned (0 -> -12)
A: permanent stasis, dig shafts and tunnels, four strong arms, antennae 3
a: Dig, Shaft Self, Renounce Religion


You were on level 8 of the Dungeon.
You worshipped Ru.
Ru was noncommittal.
You were hungry.

You visited 1 branch of the dungeon, and saw 7 of its levels.

You collected 103 gold pieces.

Inventory:

Hand Weapons
 a - a +0 falchion (weapon)
Missiles
 e - 5 tomahawks of dispersal (quivered)
Armour
 b - a +0 leather armour
 l - a +0 chain mail (worn)
Scrolls
 d - 2 scrolls of blinking
Potions
 g - a potion of degeneration {unknown}
 h - a potion of heal wounds {unknown}
 i - a potion of curing
 k - a potion of brilliance {unknown}
Books
 c - a book of Spatial Translocations

   Spells                             Type                      Level
   a - Blink                          Translocation                2
   b - Shroud of Golubria             Charms/Translocation         2
   c - Lesser Beckoning               Translocation                3
   d - Gell's Gravitas                Translocation                3
   e - Teleport Other                 Translocation                3
   f - Passage of Golubria            Translocation                4
Comestibles
 f - 2 bread rations


   Skills:
 + Level 2.6 Fighting
 * Level 3.1 Long Blades
 - Level 1.0 Throwing
 + Level 2.1 Armour
 + Level 2.4 Dodging
 - Level 2.1 Spellcasting
   Level 2.6 Translocations


You had 7 spell levels left.
You didn't know any spells.

Dungeon Overview and Level Annotations

Branches:
Dungeon (5/15)
 Temple: D:4-7

Altars:
Ru

Shops:
D:4 (


Innate Abilities, Weirdness & Mutations

You cannot be hasted, slowed, berserked, paralysed or teleported.
You can dig through walls and to a lower floor.
Your four strong arms can wield two-handed weapons with a shield.
You have a pair of large antennae on your head. (SInv)


Message History

The killer bee stings you.
* * * LOW HITPOINT WARNING * * *
You begin to dig a shaft.
You continue digging a shaft.
The killer bee stings you.
* * * LOW HITPOINT WARNING * * *
You are lethally poisoned!
The killer bee poisons you! The killer bee stings you.
* * * LOW HITPOINT WARNING * * *
You are more poisoned.
The killer bee poisons you! A shaft appears beneath you!
You fall through a shaft!
The shaft crumbles and collapses.
A centaur comes into view.
* * * LOW HITPOINT WARNING * * *
You feel sick.
The centaur shouts!
Found a royal jelly and 4 gold pieces.
Unknown command.
You die...

#c ## .. ..
#. .# #. .#
#. .#
######. .#
.......##.#
....$%..@.#
###########


There were no monsters in sight!

Vanquished Creatures
  A howler monkey (D:5)
  A leopard gecko (D:2)
  An orc (D:3)
  A giant cockroach (D:4)
  2 goblins
  A hobgoblin (D:3)
  7 jackals
  2 quokkas
  2 bats
  A frilled lizard (D:1)
  2 rats (D:2)
21 creatures vanquished.

Notes
Turn   | Place    | Note
-------+----------+-------------------------------------------
     0 | D:1      | 4thArraOfDagon the Formicid Warper began the quest for the Orb.
     0 | D:1      | Reached XP level 1. HP: 16/16 MP: 3/3
    72 | D:2      | Reached XP level 2. HP: 20/23 MP: 5/5
    81 | D:2      | Found a sacrificial altar of Ru.
    90 | D:2      | Became a worshipper of Ru the Awakened
   430 | D:4      | Reached XP level 3. HP: 9/28 MP: 6/6
   431 | D:4      | Found Hawapin's Weapon Emporium.
   547 | D:5      | Entered Level 5 of the Dungeon
   561 | D:5      | Reached skill level 3 in Long Blades
   561 | D:5      | Reached XP level 4. HP: 7/34 MP: 7/7
   605 | D:5      | You fall through a shaft for 2 floors!
   622 | D:7      | You fall through a shaft!
   622 | D:8      | Noticed a centaur
   622 | D:8      | HP: 1/34 [poisoned by a killer bee]
   623 | D:8      | Succumbed to a killer bee's poison

Vault maps used:
D:1:      dpeg_arrival_windows_large_door, kennysheep_nondescript
D:2:      nicolae_ru_awakened_eye
D:3:      first_bread, minmay_misc_feat_plants
D:4:      kennysheep_mini, gup_sewer_entry_pipe, serial_shops,
          nicolae_shop_statue_plus, uniq_blork_the_orc
D:5:      tgw_sif
D:7:      lemuel_zombie_altar_yredelemnul, uniq_joseph, uniq_crazy_yiuf_cottage
D:8:      minmay_lair_entry_grove

Skill      XL: |  1  2  3 |
---------------+----------+-----
Dodging        | 2 |  2.4
Long Blades    | 3 |  3.1
Armour         | 2 |  2.1
Fighting       | |  2.6
Throwing       | |  1.0
Spellcasting   | |  2.1
Translocations | |  2.6

Action                   |  1- 3 |  4- 6 || total
-------------------------+-------+-------++-------
Melee: Falchion          |    77 |       ||    77
 Abil: Dig               |     3 |       ||     3
       Shaft Self        |       |     2 ||     2
  Use: Scroll            |     2 |       ||     2
Armor: Leather armour    |     8 |       ||     8
       Chain mail        |    36 |       ||    36
Dodge: Dodged            |    48 |       ||    48
       Rpst.: Falchion   |    23 |       ||    23
